 Dungeon Crawl Stone Soup version 0.30-a0-778-g2ef04afb54 (webtiles) character file.

Game seed: 12995859365694216544

4671 mistaj the Cleaver (level 10, -1/55 HPs)
             Began as a Vine Stalker Fighter on Feb 16, 2023.
             Was an Initiate of Gozag.
             Slain by a wight
             ... wielding a +5 battleaxe
              (5 damage)
             ... on level 9 of the Dungeon.
             The game lasted 00:15:41 (6992 turns).

mistaj the Cleaver (Vine Stalker Fighter)           Turns: 6992, Time: 00:15:42

Health: -1/55      AC:  9    Str: 23    XL:     10   Next: 44%
Magic:  0/11       EV: 13    Int:  8    God:    Gozag
Gold:   122        SH: 12    Dex: 20    Spells: 9/9 levels left

rFire   + . .      SeeInvis .    c - +9 sword of Zonguldrok {reap}
rCold   + + .      Faith    .    J - +0 kite shield
rNeg    . . .      Spirit   +    w - +2 scale mail {rC+}
rPois   .          Reflect  .    (no helmet)
rElec   .          Harm     .    E - scarf {rC+ rF+}
rCorr   .          Rampage  .    (no gloves)
Will    +....                    I - +0 pair of boots Stlth
                                 (no amulet)
HPRegen 1.09/turn                r - +5 ring of evasion
MPRegen 0.12/turn                g - +6 ring of dexterity

@: brilliant
A: fangs 3, regeneration 1, magic shield, antimagic bite, no potion heal 2
a: Renounce Religion, Potion Petition, Call Merchant, Bribe Branch


You were on level 9 of the Dungeon.
You worshipped Gozag.
Gozag was aware of your devotion.
You visited 1 branch of the dungeon, and saw 9 of its levels.

You collected 1690 gold pieces.
You spent 1520 gold pieces at shops.
You paid 48 gold pieces to Gozag.

Inventory:

Hand Weapons
 a - a +0 war axe
 c - the +9 sword of Zonguldrok (weapon) {reap}
   (You bought it in a shop on level 8 of the Dungeon)
Missiles
 H - 2 throwing nets (quivered)
Armour
 s - a +0 cloak
 w - a +2 scale mail of cold resistance (worn)
 E - a scarf of resistance (worn)
 I - a +0 pair of boots (worn)
 J - a +0 kite shield (worn)
Jewellery
 f - a ring of ice
 g - a +6 ring of dexterity (right hand)
 r - a +5 ring of evasion (left hand)
Wands
 t - a wand of flame (13)
 y - a wand of roots (14)
Scrolls
 h - 3 scrolls of poison {unknown}
 i - 3 scrolls of fog {unknown}
 k - a scroll of summoning {unknown}
 m - a scroll of blinking
 o - a scroll of amnesia {unknown}
 p - 2 scrolls of magic mapping {unknown}
 v - 2 scrolls of teleportation
 x - 2 scrolls of fear {unknown}
 A - 2 scrolls of noise {unknown}
 B - a scroll of enchant weapon {unknown}
 C - 3 scrolls of enchant armour {unknown}
 F - 2 scrolls of immolation {unknown}
 G - 2 scrolls of vulnerability {unknown}
Potions
 b - 3 potions of magic
 d - 3 potions of might
 j - a potion of invisibility
 l - a potion of flight
 n - 2 potions of lignification
 u - 2 potions of mutation
 z - 2 potions of cancellation


   Skills:
 + Level 7.1 Fighting
 * Level 1.6 Long Blades
 - Level 9.2 Axes
 - Level 2.4 Armour
 - Level 8.4 Shields


You had 9 spell levels left.
You didn't know any spells.
Your spell library contained the following spells:

 Spells                   Type           Power      Damage    Failure   Level
 Ensorcelled Hibernation  Hex/Ice        0%         N/A       99%         2
 Passwall                 Tmut/Erth      0%         N/A       99%         2
 Kindle Blastsparks       Fire/Tloc/Air  0%         2d10      100%        3
 Ozocubu's Armour         Ice            0%         N/A       100%        3
 Swiftness                Air            0%         N/A       100%        3
 Fulminant Prism          Conj/Hex       0%         3d5       100%        4
 Iskenderun's Mystic Bla  Conj/Tloc      0%         2d3       100%        4
 Lee's Rapid Deconstruct  Erth           0%         3d4*      100%        5
 Ozocubu's Refrigeration  Ice            0%         4d7       100%        7


Dungeon Overview and Level Annotations

Branches:
Dungeon (9/15)             Temple (0/1) D:4
   Lair: D:8-11         Orc: D:9-12

Altars:
Gozag
Uskayaw
Wu Jian

Shops:
D:1 *   D:5 !   D:8 (   D:9 ?


Innate Abilities, Weirdness & Mutations

You have razor-sharp teeth.
Your natural rate of healing is unusually fast.
When hurt, damage is shared between your health and your magic reserves.
Your bite disrupts and absorbs the magic of your enemies.
Potions cannot restore your health.


Message History

The killer bee poisons you!
* * * LOW HITPOINT WARNING * * *
You feel extremely sick. The killer bee stings you.
* * * LOW HITPOINT WARNING * * *
The killer bee closely misses you. x2
Things that are here:
20 gold pieces; a +0 whip; 4 poisoned darts Blink to where?
Press: ? - help, Dir - move target
As you read the scroll of blinking, it crumbles to dust.
* * * LOW HITPOINT WARNING * * *
You feel very sick.
* * * LOW HITPOINT WARNING * * *
You feel very sick. The ice encasing you melts away.
* * * LOW HITPOINT WARNING * * *
You feel very sick.
Blink to where?
Press: ? - help, Dir - move target
As you read the scroll of blinking, it crumbles to dust.
* * * LOW HITPOINT WARNING * * *
You feel sick.
* * * LOW HITPOINT WARNING * * *
You feel sick.
The killer bee stings you but does no damage.
You climb downwards.
* * * LOW HITPOINT WARNING * * *
You feel sick.
Found a ring mail.
Found Benwe's Magic Scroll Shop.
There is a stone staircase leading up here.
It was a potion of brilliance.
You feel clever all of a sudden.
* * * LOW HITPOINT WARNING * * *
You feel sick.
It was a potion of curing.
Your system rejects the healing.
You feel better. The wight completely misses you.
The wight attacks as you move away! The wight hits you with a +5 battleaxe!
You die...
Your body crumbles into a pile of gold.

............# $
#...........#
#...........#
#.....[.....#
#...........#
.#.........∩.#
.............#
#............#
....zz.zz@...#
......#####.....#
..... ....# ....
...# ... ### .. #


You could see 4 wights.

Vanquished Creatures
  Pikel (D:5)
  Grinder (D:3)
  Sigmund (D:3)
  The ghost of Zenos the Shooter, an amateur MiHu of Okawaru (D:4)
  A wyvern (D:4)
  Edmund (D:5)
  A water moccasin (D:7)
  3 ice beasts
  A sky beast (D:7)
  An orc warrior (D:6)
  A black bear (D:7)
  An ogre (D:5)
  3 centaurs
  A lemure (D:5)
  2 phantoms
  A kobold brigand (D:7)
  4 bullfrogs
  3 gnoll sergeants
  A necrophage (D:5)
  7 scorpions
  5 wights (D:7)
  A killer bee (D:8)
  A howler monkey (D:6)
  6 hounds
  An orc priest (D:8)
  4 jellies
  A gnoll bouda (D:5)
  3 iguanas
  6 orc wizards
  Ijyb (D:3)
  Natasha (thrice) (D:3)
  9 adders
  13 gnolls
  A shadow imp (D:6)
  A white imp (D:7)
  An ufetubus (D:6)
  A worm (D:3)
  3 dart slugs
  27 orcs
  6 bats
  11 endoplasms
  4 giant cockroaches
  14 goblins
  A hobgoblin (D:1)
  A jackal (D:5)
  8 quokkas
  8 ball pythons
  3 frilled lizards
  15 kobolds
  4 rats
199 creatures vanquished.

Notes
Turn   | Place    | Note
-------+----------+-------------------------------------------
     0 | D:1      | mistaj the Vine Stalker Fighter began the quest for the
                  | Orb.
     0 | D:1      | Reached XP level 1. HP: 11/11 MP: 2/2
    98 | D:1      | Reached skill level 2 in Axes
   121 | D:1      | Reached XP level 2. HP: 16/16 MP: 3/3
   379 | D:1      | Found Puxuesso's Assorted Antiques.
   428 | D:1      | Reached XP level 3. HP: 19/19 MP: 4/4
   888 | D:2      | Found an opulent altar of Gozag.
   900 | D:2      | Became a worshipper of Gozag Ym Sagoz the Greedy
  1343 | D:2      | Gained mutation: Your natural rate of healing is unusually
                  | fast. [Vine Stalker growth]
  1343 | D:2      | Reached XP level 4. HP: 24/24 MP: 5/5
  1902 | D:3      | Noticed Grinder
  2000 | D:3      | Reached skill level 3 in Axes
  2072 | D:3      | Noticed Ijyb
  2213 | D:3      | Killed Ijyb
  2214 | D:3      | Reached XP level 5. HP: 16/28 MP: 4/6
  2344 | D:3      | Noticed Sigmund
  2470 | D:3      | Noticed Natasha
  2477 | D:3      | Killed Natasha
  2528 | D:3      | Killed Sigmund
  2529 | D:3      | Reached skill level 4 in Axes
  2529 | D:3      | Reached XP level 6. HP: 33/33 MP: 7/7
  2566 | D:3      | Paralysed by Grinder for 3 turns
  2579 | D:3      | Paralysed by Grinder for 4 turns
  2591 | D:3      | Paralysed by Grinder for 5 turns
  2593 | D:3      | Noticed Natasha
  2597 | D:3      | Killed Grinder
  2598 | D:3      | Reached skill level 5 in Shields
  2598 | D:3      | Reached XP level 7. HP: 37/37 MP: 5/8
  2601 | D:3      | Killed Natasha
  2820 | D:3      | Noticed Natasha
  2826 | D:3      | Killed Natasha
  2953 | D:4      | Found a staircase to the Ecumenical Temple.
  3007 | D:4      | Reached skill level 5 in Axes
  3134 | D:4      | Found an ornate altar of the Wu Jian Council.
  3394 | D:5      | Entered Level 5 of the Dungeon
  3394 | D:5      | Noticed Edmund
  3415 | D:5      | Found Vidwit's Distillery.
  3448 | D:5      | Gained mutation: You have razor-sharp teeth. [Vine Stalker
                  | growth]
  3448 | D:5      | Reached XP level 8. HP: 42/42 MP: 9/9
  3842 | D:5      | Reached skill level 6 in Axes
  4056 | D:5      | Reached skill level 5 in Fighting
  4073 | D:5      | Found a runed translucent gate.
  4074 | D:5      | Found a runed translucent gate.
  4074 | D:5      | Found an opulent altar of Gozag.
  4075 | D:5      | Found a runed translucent gate.
  4078 | D:5      | Noticed Zenos's ghost (amateur MiHu)
  4078 | D:5      | Noticed a wyvern
  4141 | D:5      | Killed Edmund
  4260 | D:5      | Reached XP level 9. HP: 43/47 MP: 10/10
  4891 | D:4      | Reached skill level 7 in Axes
  4904 | D:4      | Killed Zenos's ghost
  5195 | D:6      | HP: 2/48 [orc wizard/magic dart (5)]
  5357 | D:6      | Noticed Pikel
  5379 | D:5      | Killed Pikel
  5670 | D:6      | Reached skill level 8 in Axes
  5740 | D:6      | Found a hide-covered altar of Uskayaw.
  6091 | D:7      | Reached XP level 10. HP: 53/53 MP: 11/11
  6531 | D:7      | Reached skill level 9 in Axes
  6850 | D:8      | Found Tajied's Antique Weapon Shoppe.
  6900 | D:8      | Bought the +9 sword of Zonguldrok {reap} for 1520 gold
                  | pieces
  6900 | D:8      | Found the +9 sword of Zonguldrok {reap}
  6957 | D:8      | Reached skill level 1 in Long Blades
  6984 | D:8      | HP: 2/55 [poisoned by a killer bee]
  6987 | D:9      | Found Benwe's Magic Scroll Shop.
  6992 | D:9      | Slain by a wight

Illustrated notes

Levels and vault maps discovered:
D:1:      minmay_arrival_jagged, layout_basic, serial_shops,
          nicolae_shop_statue_plus, minmay_misc_feat_alley
D:2:      wad_crossroads, layout_loops_cross, basic_altar,
          minmay_misc_feat_cross, minmay_misc_feat_four_crosses, wad_orctagon
D:3:      layout_loops_ring, uniq_grinder, uniq_sigmund, uniq_natasha, uniq_ijyb
D:4:      layout_cave_pools, overflow_temple_1_default,
          minmay_temple_entry_sparse_star
D:5:      layout_loops_ring, ebering_ghost_gozag, glass_columns_a,
          nicolae_inconvenience_store, kennysheep_big_empty_room,
          minmay_diced_spiral, uniq_edmund
D:6:      layout_cave_pools, minmay_ruined_shrine, uniq_pikel
D:7:      nicolae_whirlpool, layout_loops_ring
D:8:      layout_layer_cave, hellmonk_lair_entry_icy, serial_shops,
          nicolae_stop_n_shop_2
D:9:      layout_basic, serial_shops, shop, uniq_psyche

Skill      XL: |  1  2  3  4  5  6  7  8  9 10 |
---------------+-------------------------------+-----
Axes           | 2 3 4 5 6 8 9 |  9.2
Shields        | 3 4 5 7 8 |  8.4
Fighting       | 3 4 5 6 7 |  7.1
Long Blades    | 1 |  1.6
Armour         | |  2.4

Action                     |  1- 3 |  4- 6 |  7- 9 | 10-12 || total
---------------------------+-------+-------+-------+-------++-------
  Melee: War axe           |    80 |    94 |   352 |    86 ||   612
         Bite              |    14 |    22 |   104 |    32 ||   172
         Double sword      |       |       |       |    18 ||    18
    Use: Scroll            |       |       |       |    11 ||    11
         Potion            |       |       |       |     2 ||     2
   Stab: Distracted        |       |     1 |     1 |     4 ||     6
 Armour: Chain mail        |    45 |    28 |       |       ||    73
         Scale mail        |       |     2 |    92 |    42 ||   136
  Dodge: Dodged            |    30 |    47 |   233 |    71 ||   381
  Block: Buckler           |    13 |    18 |   113 |    25 ||   169
         Kite shield       |       |       |       |    33 ||    33

Table legend: (Time is in decaauts)
 A = Elapsed time spent in this place.
 B = Non-inter-level travel time spent in this place.
 C = Inter-level travel time spent in this place.
 D = Time resting spent in this place.
 E = Time spent auto-exploring this place.
 F = Levels seen in this place.
 G = Mean time per level.
                   A        B        C        D        E       F      G
               +--------+--------+--------+--------+--------+-----+--------+
         Total |   7173 |   6964 |    209 |   1405 |   3300 |   9 |  797.0 |
       Dungeon |   7173 |   6964 |    209 |   1405 |   3300 |   9 |  797.0 |
               +--------+--------+--------+--------+--------+-----+--------+

Top non-repeatable levels by time:
     D:5: 1890 daAuts
     D:2: 1216 daAuts
     D:1: 912 daAuts
     D:3: 877 daAuts
     D:7: 782 daAuts
     D:4: 760 daAuts
     D:6: 622 daAuts
     D:8: 106 daAuts
     D:9: 4 daAuts
